 Dungeon Crawl Stone Soup version 0.31.0-11-ge490571c62 (webtiles) character file.

Game seed: 5197124465234732497

71 qw the Shooter (level 4, -1/25 HPs)
             Began as a Deep Elf Hunter on Feb 5, 2024.
             Slain by a ribbon worm (5 damage)
             ... on level 3 of the Dungeon.
             The game lasted 00:00:40 (1597 turns).

qw the Shooter (Deep Elf Hunter)                    Turns: 1597, Time: 00:00:41

Health: -1/25      AC:  5    Str: 10    XL:     4   Next: 5%
Magic:  6/6        EV:  6    Int: 14    God:
Gold:   48         SH:  0    Dex: 18    Spells: 3/3 levels left

rFire   . . .        b - +0 triple crossbow (drain)
rCold   . . .        (shield currently unavailable)
rNeg    . . .        e - +0 ring mail
rPois   .            (no helmet)
rElec   .            (no cloak)
rCorr   .            (no gloves)
SInv    .            (no boots)
Will    +....        (no amulet)
Stlth   +            d - ring of willpower
HPRegen 0.24/turn    (no ring)
MPRegen 0.10/turn

%: no passive effects
@: held
A: no striking features
a: no special abilities


You were on level 3 of the Dungeon.
You visited 1 branch of the dungeon, and saw 3 of its levels.

You collected 48 gold pieces.


   Skills:
 - Level 1.5 Fighting
 + Level 7.5 Ranged Weapons
 - Level 2.4 Dodging
 - Level 1.2 Stealth


You had 3 spell levels left.
You didn't know any spells.
Your spell library was empty.

Inventory:

Hand Weapons
 b - a +0 triple crossbow of draining (weapon)
Armour
 e - a +0 ring mail (worn)
Jewellery
 d - a ring of willpower (left hand)
Potions
 i - a potion of enlightenment {unknown}

Dungeon Overview and Level Annotations

Branches:
Dungeon (3/15)

Altars:

Shops:
D:2 ?


Message History

The ribbon worm expels a string of sticky webbing.
The stream of webbing hits you but does no damage.
You are even more entangled.
The frilled lizard closely misses you.
The ribbon worm bites you but does no damage.
The frilled lizard bites you but does no damage.
The frilled lizard bites you but does no damage.
The ribbon worm completely misses you. The frilled lizard barely misses you.
The ribbon worm bites you but does no damage.
The frilled lizard bites you but does no damage.
Enter note:
Enter note:
Enter note:
Enter note:
Enter note:
Enter note:
Enter note:
Enter note:
1589 ||| Stepping randomly (stuck).
The web tears apart.
The ribbon worm bites you. The frilled lizard barely misses you.
You shoot a bolt. The bolt hits the ribbon worm!
The ribbon worm is heavily wounded.
The frilled lizard bites you but does no damage.
The ribbon worm expels a string of sticky webbing.
The stream of webbing hits you but does no damage.
You are caught in a web!
The frilled lizard bites you.
The ribbon worm bites you but does no damage.
The frilled lizard closely misses you.
The ribbon worm bites you but does no damage.
The frilled lizard bites you but does no damage.
The ribbon worm expels a string of sticky webbing.
The stream of webbing hits you but does no damage.
You are even more entangled.
The frilled lizard bites you but does no damage.
The frilled lizard bites you but does no damage.
The ribbon worm bites you. The frilled lizard barely misses you.
The ribbon worm barely misses you.
The frilled lizard bites you but does no damage.
The ribbon worm bites you.
You die...

......#........~~PP.~###
.#
........>......P..P..#
.#
......#........>.###.#
....%%.#..........# .#
......###########.######
......# ................
......# ...####....#...#
..)...# #....# .#
......# #@...# .######
#$..wwl..## .#
#...B#...# .# #....#...#
.# #... #..## .######
#.## #..# ......# ...
..## .###### .. .## .#


You could see 2 ribbon worms, a giant cockroach and a frilled lizard.

Vanquished Creatures
  2 dart slugs (D:1)
  2 ribbon worms (D:3)
  4 ball pythons
  4 endoplasms
  2 giant cockroaches
  3 goblins
  5 hobgoblins
  16 jackals
  3 quokkas
  2 bats
  4 frilled lizards
  2 kobolds
  5 rats
54 creatures vanquished.

Notes
Turn   | Place    | Note
-------+----------+-------------------------------------------
     0 | D:1      | qw the Deep Elf Hunter began the quest for the Orb.
     0 | D:1      | Reached XP level 1. HP: 12/12 MP: 3/3
     0 | D:1      | 0 ||| qw: Version: 0.3-a-160-g6735b56
     0 | D:1      | 0 ||| qw: Game counter: 6473
     0 | D:1      | 0 ||| qw: Melee chars always use a shield: true
     0 | D:1      | 0 ||| qw: God list: Okawaru
     0 | D:1      | 0 ||| qw: Allow faded altars: false
     0 | D:1      | 0 ||| qw: Do Orc after clearing Dungeon:15 true
     0 | D:1      | 0 ||| qw: Do second Lair branch before Depths: true
     0 | D:1      | 0 ||| qw: Lair rune preference: random
     0 | D:1      | 0 ||| qw: Goals: Normal
     0 | D:1      | 0 ||| PLANNING D:1-11
    97 | D:1      | Reached skill level 6 in Ranged Weapons
    97 | D:1      | Reached XP level 2. HP: 16/16 MP: 4/4
   201 | D:1      | HP: 3/16 [frozen (5)]
   492 | D:1      | 492 ||| UPGRADING to +0 ring mail.
   502 | D:1      | 502 ||| DROPPING +0 leather armour.
   503 | D:1      | 503 ||| UPGRADING to ring of willpower.
   504 | D:1      | 504 ||| DROPPING scroll of butterflies.
   541 | D:2      | Reached XP level 3. HP: 20/20 MP: 5/5
   542 | D:2      | 542 ||| STAIRDANCE
   548 | D:2      | 548 ||| STAIRDANCE
   558 | D:1      | HP: 2/20 [frozen (5)]
   654 | D:2      | Found Toank's Magic Scroll Shop.
   664 | D:2      | 664 ||| SHOPLISTING scroll of enchant armour (105 gold,
                  | have 22).
   664 | D:2      | 664 ||| SHOPLISTING scroll of identify (28 gold, have 22).
   664 | D:2      | 664 ||| SHOPLISTING scroll of teleportation (42 gold, have
                  | 22).
   887 | D:2      | Reached skill level 7 in Ranged Weapons
  1135 | D:2      | Identified the +8 hand axe of the Growing Queen {flame, Fly
                  | rCorr SInv}
  1208 | D:2      | 1208 ||| READING scroll labelled PIOTHUADAI.
  1209 | D:2      | 1209 ||| READING scroll labelled AZOINY QUGH.
  1209 | D:2      | Identified a scroll of acquirement
  1209 | D:2      | 1209 ||| ACQUIRING +0 triple crossbow of draining
  1209 | D:2      | Acquired a +0 triple crossbow of draining
  1211 | D:2      | 1211 ||| SWAPPING to +0 triple crossbow of draining.
  1212 | D:2      | 1212 ||| DROPPING +0 shortbow.
  1213 | D:2      | 1213 ||| READING scroll labelled NEIMMAO HYCRE.
  1213 | D:2      | 1213 ||| IDENTIFYING inky potion
  1214 | D:2      | 1214 ||| DRINKING 2 fizzy coppery potions.
  1215 | D:2      | 1215 ||| DROPPING potion of brilliance.
  1216 | D:2      | 1216 ||| DROPPING potion of invisibility.
  1401 | D:3      | HP: 5/20 [jackal (1)]
  1474 | D:3      | Reached XP level 4. HP: 25/25 MP: 6/6
  1589 | D:3      | 1589 ||| Stepping randomly (stuck).
  1590 | D:3      | HP: 6/25 [frilled lizard (2)]
  1597 | D:3      | Slain by a ribbon worm

Levels and vault maps discovered:
D:1:      minmay_arrival_four_houses, layout_rooms
D:2:      layout_loops_ring, serial_shops, shop
D:3:      minmay_recursive_quarters, layout_rooms, serial_shops, shop,
          serial_bayou_lagoon_a, uniq_crazy_yiuf_cottage

Skill      XL: |  1  2  3 |
---------------+----------+-----
Ranged Weapons | 6 7 |  7.5
Fighting       | |  1.5
Dodging        | |  2.4
Stealth        | |  1.2

Action                     |  1- 3 |  4- 6 || total
---------------------------+-------+-------++-------
   Fire: Shortbow          |   115 |       ||   115
         Triple crossbow   |    23 |    11 ||    34
    Use: Scroll            |     3 |       ||     3
         Potion            |     1 |       ||     1
 Armour: Leather armour    |     6 |       ||     6
         Ring mail         |    59 |    33 ||    92
  Dodge: Dodged            |    73 |    18 ||    91

Table legend:
 A = Non-vault XP
 B = Vault XP
 C = Vault XP percentage of total XP
 D = Non-vault monster count
 E = Vault monster count
 F = Vault count percentage of total count
                 A         B        C        D         E       F
            +---------+---------+-------+---------+---------+-------
      Total |     102 |       0 |   0.0 |      54 |       0 |   0.0
            +---------+---------+-------+---------+---------+-------
        D:1 |      48 |       0 |   0.0 |      27 |       0 |   0.0
        D:2 |      34 |       0 |   0.0 |      19 |       0 |   0.0
        D:3 |      20 |       0 |   0.0 |       8 |       0 |   0.0
            +---------+---------+-------+---------+---------+-------
